 Dungeon Crawl Stone Soup version 0.32-a0-391-gce5c0aab1b (webtiles) character file.

Game seed: 11633945205488929540

330 jestert79 the Cutter (level 6, -5/44 HPs)
             Began as a Coglin Brigand on Feb 19, 2024.
             Slain by an orc warrior
             ... wielding a +0 morningstar
              (13 damage)
             ... on level 4 of the Dungeon.
             The game lasted 00:06:04 (2494 turns).

jestert79 the Cutter (Coglin Brigand)               Turns: 2494, Time: 00:06:05

Health: -5/44      AC:  3    Str: 12    XL:     6   Next: 51%
Magic:  6/6        EV: 11    Int: 10    God:
Gold:   74         SH:  0    Dex: 17    Spells: 5/5 levels left

rFire   . . .        s - +2 dagger (drain) {Arashi}
rCold   . . .        l - +3 dagger {Kun}
rNeg    . . .        b - +0 robe
rPois   .            (no helmet)
rElec   .            c - +0 cloak
rCorr   .            (no gloves)
SInv    .            (no boots)
Will    +....        (no amulet)
Stlth   ++           (no ring)
HPRegen 0.27/turn    (no ring)
MPRegen 0.10/turn

%: no passive effects
@: brilliant, attractive, enlightened, flying, revving, stiff-legged, very slow
A: off-hand wielding, slow wielding, warmup strikes, warmup strides
a: no special abilities


You were on level 4 of the Dungeon.
You visited 1 branch of the dungeon, and saw 4 of its levels.

You collected 74 gold pieces.

Inventory:

Hand Weapons
 l - a +3 dagger (worn) {Kun}
 s - a +2 dagger of draining (weapon) {Arashi}
Missiles
 d - 9 poisoned darts
 e - 3 curare-tipped darts (quivered)
 f - 8 boomerangs
Armour
 b - a +0 robe (worn)
 c - a +0 cloak (worn)
Wands
 t - a wand of acid (9)
Scrolls
 g - 2 scrolls of enchant armour {unknown}
 h - a scroll of poison {unknown}
 j - 4 scrolls of identify {unknown}
 k - a scroll of butterflies {unknown}
 n - a scroll of silence {unknown}
 o - a scroll of teleportation {unknown}
 p - a scroll of amnesia {unknown}
 r - a scroll of revelation {unknown}
Potions
 i - a potion of enlightenment
 m - a potion of attraction
 q - a potion of curing


   Skills:
 - Level 2.0 Fighting
 + Level 6.1 Short Blades
 - Level 1.7 Throwing
 - Level 0.8 Dodging
 - Level 3.2 Stealth


You had 5 spell levels left.
You didn't know any spells.
Your spell library contained the following spells:

 Spells                   Type           Power      Damage    Failure   Level
 Apportation              Tloc           0%         N/A       36%         1
 Jinxbite                 Hex            0%         N/A       50%         2
 Alistair's Intoxication  Alch           0%         N/A       100%        5
 Summon Forest            Summ/Tloc      0%         N/A       100%        5
 Eringya's Noxious Bog    Alch           0%         4d6       100%        6
 Summon Hydra             Summ           0%         N/A       100%        7


Dungeon Overview and Level Annotations

Branches:
Dungeon (4/15)
 Temple: D:4-7

Altars:

Shops:
D:3 (


Innate Abilities, Weirdness & Mutations

You can wield a second weapon in your off-hand.
It takes a long time for you to wield or remove held weapons.
Your first few attacks do less damage.
Your first movements take longer.


Message History

An orc comes into view. It is wielding a +0 dagger.
The orc priest calls down the wrath of Beogh upon you.
Beogh smites you!
The orc priest hits you with a +0 hand axe.
The orc moves out of view.
The orc priest shouts, "The Pantheon deserves no one's loyalty.
Let us show you the true path!" (press Y on the ability menu to convert to Beogh)
You see here a giant cockroach corpse.
You hit the orc priest with your +2 dagger of draining.
The orc priest is moderately wounded.
You closely miss the orc priest with your +3 dagger.
You closely miss the orc priest with your +2 dagger of draining.
The orc priest is moderately wounded.
The orc priest shouts, "The Pantheon deserves no one's loyalty.
Let us show you the true path!"
You hit the orc priest with your +3 dagger.
The orc priest calls down the wrath of Beogh upon you.
Pain shoots through your body!
You hit the orc priest but do no damage.
You drain the orc priest.
The orc priest is severely wounded.
You hit the orc priest with your +3 dagger.
The orc priest closely misses you.
You hit the orc priest with your +3 dagger.
The orc priest is almost dead.
You hit the orc priest with your +2 dagger of draining.
You kill the orc priest!
Unknown command.
It was a potion of enlightenment.
You feel very buoyant.
You fly up into the air.
It was a potion of curing.
You feel better.
The orc warrior hits you with a +0 morningstar!!
* * * LOW HITPOINT WARNING * * *
It was a potion of attraction.
You feel attractive to monsters. The orc warrior closely misses you.
It was a potion of brilliance.
You feel clever all of a sudden.
The orc warrior hits you with a +0 morningstar!
You die...

#..>..#####.#
#...........#
########.########
............#
......##.##.#
..... #.# .. ...<
#.# ## ### #.#
#@# #o# #.# #.#
#.# #.# #.# #.#


You could see an orc warrior.

Vanquished Creatures
  A jelly (D:4)
  An orc priest (D:4)
  Jessica (D:3)
  Ijyb (D:3)
  Terence (D:2)
  Robin (D:3)
  A gnoll (D:1)
  5 adders
  2 dart slugs (D:1)
  5 endoplasms
  4 giant cockroaches
  13 goblins
  4 hobgoblins
  6 jackals (D:1)
  5 kobolds
  2 quokkas
  5 ball pythons
  6 bats
  3 frilled lizards
  5 rats
72 creatures vanquished.

Notes
Turn   | Place    | Note
-------+----------+-------------------------------------------
     0 | D:1      | jestert79 the Coglin Brigand began the quest for the Orb.
     0 | D:1      | Reached XP level 1. HP: 16/16 MP: 1/1
    12 | D:1      | Reached skill level 2 in Short Blades
    37 | D:1      | Noticed a six-headed hydra
    37 | D:1      | Noticed a black bear
    37 | D:1      | Noticed a mana viper
    37 | D:1      | Noticed a swamp worm
    37 | D:1      | Noticed a boulder beetle
    99 | D:1      | Reached XP level 2. HP: 22/22 MP: 2/2
   283 | D:1      | Reached skill level 3 in Short Blades
   286 | D:1      | Reached XP level 3. HP: 23/27 MP: 3/3
   664 | D:1      | Reached XP level 4. HP: 30/33 MP: 4/4
   984 | D:2      | Noticed Terence
   989 | D:2      | Killed Terence
   990 | D:2      | Reached skill level 4 in Short Blades
  1197 | D:2      | Reached XP level 5. HP: 26/38 MP: 5/5
  1805 | D:3      | Noticed Jessica
  1810 | D:3      | Killed Jessica
  1811 | D:3      | Reached skill level 5 in Short Blades
  1998 | D:3      | Noticed Robin
  2027 | D:3      | Killed Robin
  2034 | D:3      | Reached XP level 6. HP: 33/42 MP: 6/6
  2107 | D:3      | Found Xubiwn's Antique Weapon Boutique.
  2159 | D:3      | Noticed Ijyb
  2234 | D:3      | Killed Ijyb
  2483 | D:4      | Noticed an orc warrior
  2486 | D:4      | Reached skill level 6 in Short Blades
  2494 | D:4      | Slain by an orc warrior

Illustrated notes

Levels and vault maps discovered:
D:1:      onia_arrival_zoo_common, layout_loops_ring, dk_noncrumbling_4,
          minmay_statues_item
D:2:      layout_basic, uniq_terence
D:3:      layout_basic, serial_shops, nicolae_shop_tiny_waterfront,
          chequers_serial_rivers_micro_d, uniq_ijyb, uniq_robin, uniq_jessica
D:4:      layout_basic

Skill      XL: |  1  2  3  4  5  6 |
---------------+-------------------+-----
Short Blades   | 2 3 4 5 6 |  6.1
Fighting       | |  2.0
Throwing       | |  1.7
Dodging        | |  0.8
Stealth        | |  3.2

Action                     |  1- 3 |  4- 6 || total
---------------------------+-------+-------++-------
  Melee: Dagger            |   106 |   158 ||   264
         Club              |    16 |       ||    16
  Throw: Dart              |       |     4 ||     4
    Use: Potion            |       |     4 ||     4
   Stab: Sleeping          |     4 |    11 ||    15
         Distracted        |       |     1 ||     1
 Armour: Robe              |    43 |    40 ||    83
  Dodge: Dodged            |    32 |    32 ||    64

Table legend: (Time is in decaauts)
 A = Elapsed time spent in this place.
 B = Non-inter-level travel time spent in this place.
 C = Inter-level travel time spent in this place.
 D = Time resting spent in this place.
 E = Time spent auto-exploring this place.
 F = Levels seen in this place.
 G = Mean time per level.
                   A        B        C        D        E       F      G
               +--------+--------+--------+--------+--------+-----+--------+
         Total |   2553 |   2468 |     85 |    194 |   1544 |   4 |  638.2 |
       Dungeon |   2553 |   2468 |     85 |    194 |   1544 |   4 |  638.2 |
               +--------+--------+--------+--------+--------+-----+--------+

Top non-repeatable levels by time:
     D:1: 996 daAuts
     D:2: 815 daAuts
     D:3: 721 daAuts
     D:4: 20 daAuts
